Unix NetHack Version 3.7.0-89 Work-in-progress - last build Sep 7 2023 15:16:41 (8494bff02b67719303c47e298deaa89034127798,branch:master). Game began 2023-09-11 00:12:53, ended 2023-09-11 00:37:41. Stella, chaotic female orcish Barbarian ------ ------- ---------- --|.(((| -^..%.----........| ..------- |.-.(((| ---...... ...--......|...{..+ ----.........| ..|.(((| 0.........-. ....|%-------..%(.| ............-- -.+--.---------.......... .*...------ |..-|-- --.....{....---................|...G..... |...-|.(.(| |.|)..| +...............-+---|-.--...-|...........|.. --...-..((| ..|.).| -.........|..-- . ...|-....|........---...-|.(](|0|.------- --.---...-.... |.%......|.--..|........|------ |.......| ---|-- --.-.. --- ---...|..-|.|------....--| -------------- |....| |... |...|..........|---|.| -.......| |).[?.?!(?| |%%!%| |....---..[........--- |.|.. |...{..@.| |.[.......| ------ |.............---.-- |.-..--.......--..--------|-- -- |....|.....- |.| |.----........--..........(.....| |..- .-...-- |.| |......---+-.....-+--........--+- ---- |..-- ---|--- +.------ .---- ---|-..--- |..| |.....| --- ..|-.| |..| |.._..| --.--.- -..| |.....| . .. ..-- ------- ------- Stella the Bandit St:18/01 Dx:18 Co:18 In:7 Wi:8 Ch:6 Chaotic Dlvl:6 $:18 HP:0(76) Pw:11(11) AC:0 Exp:7 T:2137 Blind Latest messages: You put a cursed potion called c1 into the bag called sack. You put an uncursed potion called r1 into the bag called sack. You put a cursed potion called r1 into the bag called sack. You put a blessed potion of paralysis into the bag called sack. What do you want to drink? [m or ?*] You feel much better. What do you want to drink? [m or ?*] You feel much better. What do you want to use or apply? [aegntLO or ?*] # What do you want to write with? [- agkqL-OQ or ?*] You write in the dust with an uncursed black gem. Never mind. What do you want to write with? [- agkqL-OQ or ?*] You write in the dust with an uncursed blue gem. Never mind. What do you want to write with? [- agkqL-OQ or ?*] You engrave in the floor with an uncursed green gem. Never mind. What do you want to call? [eknqM-OQ or ?*] What do you want to write with? [- agkqL-OQ or ?*] You write in the dust with an uncursed red gem. Never mind. What do you want to write with? [- agkqL-OQ or ?*] You write in the dust with an uncursed blue gem. Never mind. What do you want to write with? [- agkqL-OQ or ?*] You write in the dust with an uncursed black gem. Never mind. What do you want to put on? [qt or ?*] Which ring-finger, Right or Left? [rl] q - a cursed -2 ring of protection (on left hand). What do you want to zap? [gL or ?*] In what direction? The bolt of lightning bounces! The bolt of lightning hits you! You are blinded by the flash! What do you want to zap? [gL or ?*] In what direction? The bolt of lightning hits you! Your wand of digging breaks apart and explodes! Your ring of protection turns to dust and vanishes! What do you want to zap? [L or ?*] You don't have that object. What do you want to zap? [L or ?*] What do you want to zap? [L or ?*] In what direction? You shock yourself! You die... Do you want to see the dungeon overview? [ynq] (y) Inventory: Coins $ - 18 gold pieces Weapons a - a blessed +0 battle-axe (weapon in hands) Armor z - an uncursed +0 dwarvish iron helm (being worn) B - an uncursed +0 pair of iron shoes (being worn) r - an uncursed +0 dwarvish cloak (being worn) u - an uncursed +0 dwarvish mithril-coat (being worn) Comestibles F - an uncursed fafafa T - an uncursed food ration y - an uncursed fortune cookie f - an uncursed tripe ration C - an uncursed tin of szechuan iron piercer meat Wands L - a wand of lightning (0:2) Tools n - an uncursed sack containing 11 items t - an uncursed blindfold e - an uncursed skeleton key Gems/Stones M - an uncursed emerald N - an uncursed jet stone k - an uncursed worthless piece of blue glass Q - an uncursed worthless piece of red glass O - an uncursed luckstone Contents of the sack: 2 uncursed scrolls of identify an uncursed scroll of genocide an uncursed scroll of light a blessed scroll of teleportation a cursed scroll of magic mapping a cursed scroll of taming an uncursed scroll of remove curse a cursed potion of hallucination an uncursed potion of restore ability a cursed potion of restore ability a blessed potion of paralysis Stella the Barbarian's attributes: Background: You were a Bandit, a level 7 female orcish Barbarian. You were chaotic, on a mission for Set who was opposed by Mitra (lawful) and Crom (neutral). You were in the Gnomish Mines, on level 6. You entered the dungeon 2137 turns ago. It was the midnight hour. You had 742 experience points, 538 more were needed to attain level 8. Basics: You had 0 out of 76 hit points. You had all 11 energy points (spell power). Your armor class was 0. Your wallet contained 18 zorkmids. Autopickup was on for '$"?!=/' plus thrown, with exceptions. Final Characteristics: Your strength was 18/01 (limit:18/50). Your dexterity was 18 (limit:18). Your constitution was 18 (limit:18). Your intelligence was 7 (limit:16). Your wisdom was 8 (limit:16). Your charisma was 6 (limit:16). Final Status: You were temporarily blind. You were not hungry. You were unencumbered. You were wielding an axe. You had basic skill with axe and could have enhanced that. Final Attributes: You were piously aligned. You were poison resistant. You had infravision. You were guarded. You were fast. You were lucky. You had extra luck. Bad luck did not time out for you. Good luck did not time out for you. You are dead. Miscellaneous: You disabled loading of bones levels. Total elapsed playing time was 24 minutes and 48 seconds. Major events: Turn 1: Stella the chaotic female orcish Barbarian entered the dungeon 448: entered the Gnomish Mines 486: attained the rank of Pillager (level 3) 577: reached Mine Town 1211: attained the rank of Bandit (level 6) 1685: acquired the Mines' End luckstone 2137: zapped herself with a wand of lightning Vanquished creatures: a small mimic a leather golem a quivering blob a Woodland-elf 6 gnome leaders a gnomish wizard a ghoul a little dog 10 dwarves 3 rothes a giant bat 2 killer bees 2 hobbits 36 gnomes 3 jackals 5 grid bugs a lichen 5 newts 81 creatures vanquished. No species were genocided or became extinct. Voluntary challenges: You read items or engraved 6 times. You engraved Elbereth 5 times. You never had a pet. You never genocided any monsters. You never polymorphed an object. You never changed form. You used no wishes. Achievements: You entered the Gnomish Mines. You attained the rank of Pillager. You entered Minetown. You entered a temple. You entered a shop. You attained the rank of Bandit. You completed the Gnomish Mines. The Dungeons of Doom: levels 1 to 3 Level 1: Level 2: Some fountains, some sinks. Stairs down to The Gnomish Mines. Level 3: The Gnomish Mines: levels 3 to 10 Level 3: Level 4: Level 5: Level 6: <- You were here. Many shops, a temple, many fountains. Final resting place for you, zapped yourself with a wand of lightning. Level 7: Level 8: Level 9: Level 10: Game over: ---------- / \ / REST \ / IN \ / PEACE \ / \ | Stella | | 18 Au | | zapped herself | | with a wand of | | lightning | | | | 2023 | *| * * * | * _________)/\\_//(\/(/\)/\//\/|_)_______ Goodbye Stella the Barbarian... You died in The Gnomish Mines on dungeon level 6 with 3465 points, and 18 pieces of gold, after 2137 moves. You were level 7 with a maximum of 76 hit points when you died.